AoeStats
← my_dad

Arabia

510345151Analyzed
1v1 RM · 9h ago on Sep 30, 2026· 54m 53s· 2 players
Game mode
Random Map
Map size
Tiny (2 player)
Population
200
Speed
Normal
Resources
Standard
Victory
Conquest
Starting age
Dark Age
Ending age
Imperial Age
RankedLock teamsTeams togetherTeam positionsShared explorationLock speedFull tech treeHidden civsTurbo modeCheats
Victory
Defeat
🇫🇷 Khitans · France
1403
+16
🇩🇪 Mongols · Germany
1405
-16
Teckno_PanDa
5:59 Loom
8:55 Feudal Age
9:37 Double-Bit Axe
20:30 Castle Age
19:27 Gold Mining
19:18 Domestication
20:52 Fletching
21:03 Padded Archer Armor
20:49 Heavy Cavalry Archer
22:16 Husbandry
23:28 Bow Saw
24:33 Bodkin Arrow
26:32 Scale Barding Armor
30:54 Chain Barding Armor
30:49 Leather Archer Armor
30:47 Forging
31:32 Thumb Ring
33:25 Chain Barding Armor
34:36 Ballistics
35:45 Pastoralism
35:36 Stone Mining
41:42 Imperial Age
38:58 Town Watch
39:03 Light Cavalry
41:22 Iron Casting
41:12 Squires
40:58 Arson
40:58 Gambesons
41:15 Scale Mail Armor
41:52 Elite Fire Lancer
43:16 Conscription
43:39 Wheelbarrow
43:22 Lamellar Armor
44:14 Chain Mail Armor
45:06 Chemistry
44:17 Masonry
45:57 Ordo Cavalry
46:47 Bracer
47:17 Ring Archer Armor
46:55 Treadmill Crane
47:21 Siege Engineers
46:50 Pikeman
48:43 Plate Barding Armor
48:38 Plate Mail Armor
49:05 Transhumance
49:11 Stone Shaft Mining
48:07 Hussar
50:44 Two-Man Saw
54:17 Hand Cart
55:26 Town Patrol
my_dad
8:02 Feudal Age
9:27 Loom
11:03 Town Watch
11:56 Wheelbarrow
11:56 Double-Bit Axe
11:53 Horse Collar
17:18 Fletching
22:09 Castle Age
21:16 Scale Mail Armor
21:40 Gold Mining
22:03 Forging
23:39 Elite Skirmisher
24:33 Padded Archer Armor
24:52 Bodkin Arrow
28:56 Ballistics
30:41 Bow Saw
30:33 Heavy Plow
30:50 Hand Cart
30:20 Town Watch
31:17 Leather Archer Armor
32:29 Stone Mining
32:19 Pikeman
35:18 Bloodlines
35:15 Scale Barding Armor
37:19 Chain Barding Armor
37:52 Husbandry
38:31 Iron Casting
43:59 Imperial Age
43:14 Masonry
43:51 Stone Shaft Mining
44:07 Heavy Camel Rider
45:48 Blast Furnace
47:24 Bracer
50:39 Thumb Ring
51:36 Light Cavalry
53:12 Heavy Cavalry Archer
Connection lost

Rejoining the realm…

Still unreachable

The connection could not be restored.

Session expired

The server has moved on; the page needs a fresh start.